 Dungeon Crawl Stone Soup version 0.26.1-2-gb8aa6d0cf2 (webtiles) character file.

Game seed: 15517698684396542621

3826 jlumianski the Cleaver (level 9, -21/79 HPs)
             Began as a Palentonga Fighter on Feb 16, 2021.
             Was an Elder of Okawaru.
             Demolished by Gastronok (25 damage)
             ... on level 9 of the Dungeon on Feb 17, 2021.
             The game lasted 00:38:29 (9949 turns).

jlumianski the Cleaver (Palentonga Fighter)         Turns: 9949, Time: 00:38:29

Health: -21/79     AC: 20    Str: 22    XL:     9   Next: 97%
Magic:  13/13      EV:  6    Int: 12    God:    Okawaru [****..]
Gold:   555        SH: 10    Dex: 14    Spells: 8/8 levels left

rFire    . . .     SeeInvis +   Q - +2 war axe (vorpal)
rCold    + + .     Faith    +   c - +0 kite shield
rNeg     . . .     Spirit   .   V - +0 chain mail {rC+}
rPois    .         Reflect  .   A - +2 helmet
rElec    .         Harm     .   (no cloak)
rCorr    .         Rampage  .   C - +0 pair of gloves "Wearushu" {*Drain Int+3 Dex+4 Slay+3}
Will     .....                  (no barding)
Stlth    ..........             N - amulet of faith
HPRegen  0.23/turn              F - ring of stealth
MPRegen  0.13/turn              w - ring of protection from cold

@: curled up
A: large, rugged brown scales 3, see invisible, blink, deformed body, high mp 1,
roll 1, armoured tail, reflexive curl
a: Rolling Charge, Blink, Renounce Religion, Heroism


You were on level 9 of the Dungeon.
You worshipped Okawaru.
Okawaru was greatly pleased with you.
You visited 2 branches of the dungeon, and saw 11 of its levels.

You collected 555 gold pieces.

Inventory:

Hand Weapons
 a - a +0 war axe
 f - a cursed -1 dagger
 x - a +2 dagger of speed
 y - a cursed -1 long sword
 D - a +0 flail of protection
 E - the +6 hand crossbow "Beubb" {freeze, rN+}
   (You found it on level 5 of the Dungeon)

   It causes projectiles fired from it to freeze those they strike, causing
   extra injury to most foes and up to half again as much damage against
   particularly susceptible opponents.
   They can also slow down cold-blooded creatures.
   It protects you from negative energy.
 Q - a +2 vorpal war axe (weapon)
 W - a +0 hand axe of electrocution
Missiles
 n - 147 stones
 o - 10 boomerangs
 t - 109 bolts
 u - 3 curare-tipped darts
 v - 22 poisoned darts (quivered)
Armour
 b - a +0 scale mail
 c - a +0 kite shield (worn)
 m - a +0 plate armour
 A - a +2 helmet (worn)
 C - the +0 pair of gloves "Wearushu" (worn) {*Drain Int+3 Dex+4 Slay+3}
   (You found it on level 6 of the Dungeon)

   It affects your intelligence (+3).
   It affects your dexterity (+4).
   It affects your accuracy and damage with ranged weapons and melee attacks
   (+3).
   It causes draining when unequipped.
 K - a +0 helmet
 L - a +0 ring mail of willpower
 M - a +0 chain mail
 V - a +0 chain mail of cold resistance (worn)
Magical Staves
 R - an uncursed staff of conjuration {unknown}
Jewellery
 q - an uncursed ring of magical power
 r - an uncursed ring of flight
 w - a ring of protection from cold (right hand)
 F - a ring of stealth (left hand)
 I - an uncursed ring of fire
 N - an amulet of faith (around neck)
 O - an uncursed ring of magical power
Wands
 k - a wand of disintegration (8)
 B - a wand of digging (3)
 J - a wand of flame (11)
 P - a wand of iceblast (8)
 S - a wand of enslavement (13)
 Y - a wand of acid (8)
Scrolls
 e - 11 scrolls of teleportation
 g - 6 scrolls of remove curse
 h - 7 scrolls of identify
 j - a scroll of fog
 p - a scroll of amnesia
 s - a scroll of immolation
 z - 4 scrolls of magic mapping
 X - a scroll of enchant weapon {unknown}
Potions
 d - a potion of might
 i - a potion of mutation
 l - a potion of ambrosia
 G - 2 potions of flight
 H - a potion of curing
 T - a potion of cancellation
 U - a potion of heal wounds
 Z - a potion of invisibility


   Skills:
 + Level 5.2 Fighting
 + Level 8.7 Axes
 + Level 2.1 Crossbows
 + Level 1.2 Throwing
 + Level 5.5 Armour
 + Level 2.7 Dodging
 - Level 1.0 Stealth
 + Level 5.3 Shields
 * Level 4.3 Invocations


You had 8 spell levels left.
You didn't know any spells.
Your spell library contained the following spells:

 Spells                   Type           Power        Failure   Level
 Magic Dart               Conj           0%           99%         1
 Confusing Touch          Hex            0%           100%        3
 Gell's Gravitas          Tloc           0%           100%        3
 Stone Arrow              Conj/Erth      0%           100%        3
 Petrify                  Tmut/Erth      0%           100%        4
 Sticky Flame             Conj/Fire      0%           100%        4
 Fireball                 Conj/Fire      0%           100%        5
 Metabolic Englaciation   Hex/Ice        0%           100%        5
 Yara's Violent Unravell  Hex/Tmut       0%           100%        5
 Spellforged Servitor     Conj/Summ      0%           100%        7


Dungeon Overview and Level Annotations

Branches:
Dungeon (10/15)            Temple (1/1) D:4
   Lair: D:8-11         Orc: D:9-12

Altars:
Ashenzari
Cheibriados
Dithmenos
Elyvilon
Fedhas
Gozag
Hepliaklqana
Kikubaaqudgha
Makhleb
Nemelex Xobeh
Okawaru
Qazlal
Ru
Sif Muna
Trog
Uskayaw
Vehumet
Wu Jian
Xom
Yredelemnul
Zin
The Shining One

Shops:
D:8 (

Annotations:
D:9 Gastronok
D:10 exclusion: obsidian statue


Innate Abilities, Weirdness & Mutations

You are completely covered in rugged brown scales. (AC +3, +7% HP)
You have supernaturally acute eyesight. (SInv)
Armour fits poorly on your strangely shaped body.
You can roll at nearby foes to attack.
You have a long armoured tail.
You curl defensively after being hit.
You can translocate small distances at will.
You have an increased reservoir of magic. (+10% MP)


Message History

Gastronok is heavily wounded.
You hit the iguana. You block the iguana's attack.
Your shield and chain mail prevent you from hitting Gastronok.
Gastronok is heavily wounded.
You barely miss the iguana. Gastronok bites you!! The iguana bites you.
You hit Gastronok.
Gastronok is heavily wounded.
You hit the iguana but do no damage. You block the iguana's attack.
You hit Gastronok.
Gastronok is heavily wounded.
You slash the iguana! You block the iguana's attack.
Gastronok waves his eye-stalks in wide circles.
The air twists around and strikes you!!
* * * LOW HITPOINT WARNING * * *
You slash Gastronok!
Gastronok is severely wounded.
You barely miss the iguana. The iguana bites you.
* * * LOW HITPOINT WARNING * * *
Gastronok bites you!!
You die...

# ###.#####
........#
........######
?..(...l@..<.#
.......w####....#
........# ###.+
....!...# #
.......$#
####.#### #. #.


You could see Gastronok (poisoned) and an iguana.

Vanquished Creatures
  The ghost of buriedalive the Ducker, a novice DECj of Vehumet (D:7)
  Prince Ribbit (D:8)
  A vampire (D:9)
  Menkaure (D:6)
  Edmund (D:5)
  An ice beast (D:8)
  An orc warrior (D:8)
  A phantom (D:3)
  A sky beast (D:5)
  4 ogres
  2 centaurs
  A gnoll sergeant (D:6)
  A bullfrog (D:6)
  2 scorpions
  3 killer bees (D:7)
  6 wights (D:8)
  2 howler monkeys
  A bullfrog zombie (D:9)
  A centaur zombie (D:8)
  2 jellies
  A quasit (D:7)
  9 orc priests
  2 centaur skeletons
  3 hounds
  A bullfrog skeleton (D:5)
  7 orc wizards
  2 iguanas (D:4)
  9 worker ants
  2 howler monkey zombies
  6 gnolls
  9 adders
  A shadow imp (D:5)
  A white imp (D:6)
  An ufetubus (D:6)
  An ooze (D:7)
  An adder skeleton (D:6)
  2 worms
  4 dart slugs
  6 leopard geckos
  42 orcs
  9 bats
  2 giant cockroaches
  18 goblins
  7 hobgoblins
  10 jackals
  4 quokkas
  A frilled lizard (D:4)
  8 kobolds
  2 leopard gecko skeletons (D:4)
  9 rats
214 creatures vanquished.

Vanquished Creatures (others)
  An orc (D:6)
1 creature vanquished.

Grand Total: 215 creatures vanquished

Notes
Turn   | Place    | Note
-------+----------+-------------------------------------------
     0 | D:1      | jlumianski the Palentonga Fighter began the quest for the
                  | Orb.
     0 | D:1      | Reached XP level 1. HP: 20/20 MP: 1/1
   212 | D:1      | Reached XP level 2. HP: 27/27 MP: 2/2
   494 | D:1      | Reached XP level 3. HP: 33/33 MP: 3/3
  1582 | D:2      | Reached XP level 4. HP: 35/40 MP: 4/4
  1759 | D:2      | Gained mutation: Your tail ends in a poisonous barb.
                  | [potion of mutation]
  1759 | D:2      | Gained mutation: You can translocate small distances at
                  | will. [potion of mutation]
  1759 | D:2      | Lost mutation: Your tail ends in a poisonous barb. [potion
                  | of mutation]
  1759 | D:2      | Gained mutation: You have an increased reservoir of magic.
                  | (+10% MP) [potion of mutation]
  1804 | D:2      | Reached skill level 3 in Axes
  2508 | D:4      | Reached XP level 5. HP: 48/48 MP: 5/5
  2707 | D:3      | Noticed an ogre
  2729 | D:3      | Killed an ogre
  2730 | D:3      | Reached skill level 4 in Axes
  2976 | D:4      | Noticed a phantom
  2984 | D:3      | Reached XP level 6. HP: 30/55 MP: 6/6
  3212 | D:4      | Found a staircase to the Ecumenical Temple.
  3272 | D:4      | Identified Jisett's Volume of Battle Magic
  3278 | Temple   | Entered the Ecumenical Temple
  3319 | Temple   | Became a worshipper of Warmaster Okawaru
  3453 | D:4      | Reached skill level 5 in Axes
  3460 | D:5      | Entered Level 5 of the Dungeon
  3819 | D:4      | Gained mutation: You curl defensively after being hit.
                  | [Palentonga growth]
  3819 | D:4      | Reached XP level 7. HP: 35/62 MP: 7/7
  4128 | D:5      | Reached skill level 1 in Dodging
  4579 | D:5      | Got a smoking hand crossbow
  4587 | D:5      | Identified the +6 hand crossbow "Beubb" {freeze, rN+} (You
                  | found it on level 5 of the Dungeon)
  4908 | D:5      | Reached * piety under Okawaru
  4933 | D:5      | Noticed Edmund
  4945 | D:5      | Killed Edmund
  4946 | D:5      | Reached skill level 6 in Axes
  4946 | D:5      | Reached skill level 1 in Crossbows
  4946 | D:5      | Reached skill level 1 in Stealth
  5066 | D:5      | Reached XP level 8. HP: 62/70 MP: 8/8
  5203 | D:6      | Got a pair of dazzling gloves
  5209 | D:6      | Identified the +0 pair of gloves "Wearushu" {*Drain Int+3
                  | Dex+4 Slay+3} (You found it on level 6 of the Dungeon)
  6268 | D:6      | Reached ** piety under Okawaru
  6512 | D:6      | Noticed Menkaure
  6519 | D:6      | Killed Menkaure
  6520 | D:6      | Reached skill level 7 in Axes
  6610 | D:6      | Reached skill level 1 in Invocations
  6797 | D:7      | Found a runed translucent door.
  6797 | D:7      | Noticed buriedalive's ghost (novice DECj)
  7146 | D:7      | Reached XP level 9. HP: 11/77 MP: 11/11
  7460 | D:7      | Reached skill level 5 in Armour
  7615 | D:8      | Found Abum's Weapon Emporium.
  7750 | D:8      | Reached *** piety under Okawaru
  7794 | D:8      | Found a sparkling altar of Nemelex Xobeh.
  7871 | D:8      | Noticed Prince Ribbit
  7883 | D:8      | Killed Prince Ribbit
  8181 | D:7      | Reached skill level 8 in Axes
  8664 | D:7      | Killed buriedalive's ghost
  8665 | D:7      | Reached skill level 1 in Throwing
  8665 | D:7      | Reached skill level 5 in Shields
  9179 | D:8      | Reached **** piety under Okawaru
  9180 | D:8      | Reached skill level 5 in Fighting
  9307 | D:10     | Entered Level 10 of the Dungeon
  9311 | D:10     | Noticed an obsidian statue
  9926 | D:9      | Noticed Gastronok
  9949 | D:9      | Demolished by Gastronok

Illustrated notes

Levels and vault maps discovered:
D:1:      psy_arrival_terrarium, layout_basic, serial_aquarium,
          aquarium_bridge_long_separate [aquarium_subvault_bridge,
          aquarium_subvault_wall, aquarium_subvault_wall,
          aquarium_subvault_bridge, aquarium_subvault_bridge,
          aquarium_subvault_wall], aquarium_window_corner, aquarium_window_2,
          aquarium_view_2a, minivault_4
D:2:      layout_basic, hangedman_decor_points, hangedman_feature_mirror,
          grunt_ministairs_1, chequers_serial_rivers_room_b
D:3:      layout_rooms, minmay_ogre_servants
D:4:      layout_loops_ring, minmay_temple_entry_arrows,
          chequers_decorated_corner
D:5:      layout_basic, uniq_edmund
D:6:      layout_gridville, minmay_chambers_of_fives, uniq_menkaure
D:7:      layout_basic, hellmonk_ghost_happy_afterlife
D:8:      layout_cave_pools, nemelex_xobeh_ov_fountains_minmay, serial_shops,
          kennysheep_mini, uniq_prince_ribbit1
D:9:      layout_roguey, hiddenorc1_lemuel, chequers_serial_rivers_micro_c,
          uniq_gastronok
D:10:     layout_stronghold, gammafunk_ghost_grave, serial_bayou_pond_d,
          corexii_checkpoint_a, nrook_loot_triangle, minivault_16,
          lemuel_flame_loot_1
Temple:   nicolae_temple_the_god_donut

Skill      XL: |  1  2  3  4  5  6  7  8  9 |
---------------+----------------------------+-----
Armour         | 3 4 5 |  5.5
Axes           | 3 4 5 6 7 8 |  8.7
Shields        | 3 4 5 |  5.3
Dodging        | 1 2 |  2.7
Fighting       | 4 5 |  5.2
Crossbows      | 1 2 |  2.1
Stealth        | 1 |  1.0
Invocations    | 2 4 |  4.3
Throwing       | 1 |  1.2

Action                   |  1- 3 |  4- 6 |  7- 9 || total
-------------------------+-------+-------+-------++-------
Melee: War axe           |   125 |   131 |   339 ||   595
       Tailslap          |    14 |    19 |    40 ||    73
 Fire: Hand crossbow     |       |       |    10 ||    10
Throw: Dart              |       |     2 |    19 ||    21
Invok: Heroism           |       |       |     1 ||     1
 Abil: Rolling Charge    |    26 |    32 |    34 ||    92
  Use: Scroll            |     1 |     4 |     5 ||    10
       Potion            |       |     5 |     8 ||    13
Armor: Scale mail        |    66 |    42 |   119 ||   227
       Chain mail        |       |       |    37 ||    37
Dodge: Dodged            |    24 |    32 |   113 ||   169
Block: Kite shield       |    54 |    46 |   214 ||   314
